Map: Overgrown Facility

Players

PureLegacy - Winner!

  • Race: Terran Terran
  • Spawn Location: 7:00

DeRaiLeD - Winner!

  • Race: Terran Terran
  • Spawn Location: 9:00

Dekuschrub

  • Race: Terran Terran
  • Spawn Location: 1:00

CountTutu

  • Race: Protoss Protoss
  • League: Diamond
  • Spawn Location: 3:00

VOD

Have the link to the VOD?

Description

Time

  • Played on: Nov. 30, 2018, 8:44 a.m.
  • Length: 10:38
Show
View Real Time Build Order
Export as new Build Order

PureLegacy Terran - Winner!

Build Orders:  

Get SALT Encoding   

  12  0:00  SCV  
  13  0:12  SCV  
  14  0:18  Supply Depot  
  14  0:24  SCV  
  15  0:29  Refinery  
  15  0:40  SCV  
  16  0:48  Barracks  
  16  0:52  SCV  
  17  1:05  Barracks  
  17  1:18  Barracks  
  17  1:23  SCV  
  18  1:35  Reaper  
  18  1:38  Orbital Command  
  19  1:50  Refinery  
  19  1:53  Reaper  
  20  1:58  Supply Depot  
  20  2:08  Reaper x2  
  23  2:15  SCV  
  23  2:22  Supply Depot  
  23  2:28  Reaper  
  23  2:29  SCV  
  25  2:40  Reaper  
  25  2:42  Reaper  
  27  3:00  Reaper  
  28  3:11  Command Center  
  28  3:12  Reaper  
  28  3:14  SCV  
  31  3:26  SCV  
  32  3:28  Supply Depot  
  32  3:42  Barracks Reactor, Barracks Tech Lab  
  32  3:44  SCV  
  32  3:45  Factory  
  32  3:46  Barracks Reactor  
  31  3:55  Bunker  
  31  3:56  SCV  
  32  4:11  SCV  
  32  4:14  Marine  
  32  4:15  Stimpack  
  34  4:22  Marine  
  34  4:23  Marine x3, SCV  
  39  4:29  Orbital Command  
  39  4:31  Marine  
  40  4:43  Marine  
  40  4:44  Marine x3  
  43  4:47  Factory Tech Lab  
  43  4:54  Marine  
  43  4:56  Bunker  
  44  5:03  Marine  
  44  5:04  Marine x3  
  48  5:08  Siege Tank  
  51  5:16  SCV  
  51  5:17  SCV  
  53  5:22  Supply Depot, Starport  
  53  5:32  SCV x2  
  53  5:34  Engineering Bay  
  55  5:42  Marine  
  55  5:43  Marine x3  
  58  5:57  Marine  
  58  6:00  Marine x2  
  58  6:01  Marine  
  62  6:08  SCV  
  62  6:10  SCV  
  62  6:11  Starport Reactor, Siege Tank  
  66  6:12  Terran Infantry Weapons Level 1  
  66  6:15  Supply Depot  
  66  6:21  SCV  
  66  6:22  Barracks  
  66  6:23  Barracks, Supply Depot  
  63  6:38  Marine x2  
  63  6:39  Marine x2, Combat Shield  
  63  6:41  SCV x2  
  63  6:42  Refinery  
  63  6:43  Refinery  
  63  6:47  Medivac x2, Supply Depot  
  65  6:53  SCV x2  
  71  7:00  Marine x5  
  76  7:05  SCV x2  
  78  7:10  Supply Depot  
  78  7:11  Siege Tank  
  78  7:14  Barracks Reactor x2  
  81  7:21  SCV x2  
  83  7:24  Marine x3  
  83  7:25  Marine  
  83  7:26  Marine  
  88  7:32  Supply Depot  
  88  7:34  SCV x2  
  90  7:39  Medivac  
  90  7:40  Medivac  
  94  7:45  Supply Depot  
  94  7:46  SCV x2  
  94  7:49  Marine x3  
  94  7:50  Marine  
  100  7:58  SCV x2  
  102  8:09  Medivac, Marine x3  
  102  8:10  Medivac  
  109  8:13  Marine x3  
  109  8:14  Marine x2  
  109  8:19  Siege Tank  
  116  8:26  Marine  
  115  8:27  Marine x2  
  115  8:29  Marine  
  118  8:36  Marine x3  
  118  8:37  Supply Depot x2  
  118  8:38  Supply Depot  
  121  8:44  Marine  
  121  8:45  Marine  
  123  8:51  Medivac  
  125  8:58  Medivac  
  125  9:01  Marine x3  
  125  9:02  Marine x2  
  132  9:05  Siege Tank  
  135  9:12  Marine x2  
  114  9:24  Marine  
  114  9:25  Marine x4  
  114  9:29  Marine  
  114  9:30  Medivac x2  
  121  9:36  Marine x3  
  121  9:37  Siege Tank  
  127  9:42  Marine  
  128  9:46  Marine x4  
  128  9:47  Marine  
  133  9:54  Marine x3  
  136  10:00  Marine  
  108  10:18  Marine x3  
  108  10:19  Marine  
  108  10:20  Marine x4  
Show
View Real Time Build Order
Export as new Build Order

DeRaiLeD Terran - Winner!

Build Orders: Gas First Reaper Expand, Hellion Banshee, Mech 

Get SALT Encoding   

  12  0:00  SCV  
  13  0:12  SCV  
  14  0:18  Supply Depot  
  14  0:24  SCV  
  15  0:28  Refinery  
  15  0:39  SCV  
  16  0:47  Barracks  
  16  0:52  SCV  
  17  1:04  SCV  
  18  1:16  SCV  
  19  1:33  Orbital Command  
  19  1:34  Reaper  
  20  1:47  Command Center  
  20  1:59  Factory  
  20  2:01  SCV  
  21  2:13  Supply Depot  
  21  2:15  Barracks Reactor  
  21  2:16  SCV  
  21  2:20  Refinery  
  22  2:29  SCV  
  23  2:41  SCV  
  24  2:47  Starport  
  24  2:54  SCV  
  25  2:59  Orbital Command  
  25  3:00  Hellion x2  
  29  3:08  Barracks Tech Lab  
  29  3:13  SCV  
  30  3:21  Hellion  
  30  3:25  SCV  
  30  3:26  Hellion  
  35  3:33  SCV  
  36  3:37  SCV  
  36  3:39  Medivac  
  36  3:40  Supply Depot  
  41  3:48  Hellion  
  41  3:49  Hellion  
  41  3:50  SCV x2  
  45  3:57  Cloaking Field  
  45  4:02  SCV  
  46  4:06  SCV  
  47  4:10  Supply Depot  
  47  4:24  SCV  
  47  4:28  Engineering Bay  
  47  4:29  SCV  
  49  4:34  Refinery, Banshee  
  49  4:35  Refinery  
  49  4:37  SCV  
  53  4:41  SCV  
  58  4:45  Hellion  
  58  4:46  Hellion, Barracks Tech Lab  
  58  4:49  Factory, SCV  
  59  4:53  SCV  
  60  5:01  SCV  
  61  5:18  SCV  
  62  5:31  Banshee  
  62  5:45  Hellion  
  62  5:46  SCV x2  
  37  6:06  Hellion  
  34  6:13  SCV  
  34  6:14  Banshee  
  28  6:34  SCV x2  
  28  6:37  Factory Tech Lab  
  24  6:46  SCV x2  
  26  6:51  Command Center  
  26  6:58  SCV x2  
  26  7:01  Siege Tank  
  31  7:02  Starport Reactor  
  31  7:05  Barracks  
  31  7:10  SCV x2  
  33  7:22  SCV x2  
  35  7:27  Command Center  
  35  7:30  Missile Turret  
  35  7:34  SCV x2  
  37  7:37  Siege Tank  
  37  7:39  Viking x2  
  44  7:46  SCV x2  
  46  7:53  Factory  
  46  7:54  Barracks Tech Lab  
  46  7:55  Supply Depot  
  46  8:03  Supply Depot, SCV x2  
  46  8:05  Orbital Command  
  48  8:08  Factory  
  47  8:15  SCV x2  
  40  8:27  Marauder, SCV  
  40  8:28  Siege Tank  
  42  8:39  Orbital Command  
  42  8:41  Hellion  
  39  8:49  Marauder  
  29  9:10  Marauder  
  23  9:18  Factory Tech Lab  
  23  9:19  Factory Tech Lab  
  22  9:25  Orbital Command  
  21  9:44  SCV  
  22  9:56  SCV  
  23  10:06  Orbital Command  
  23  10:08  SCV  
  24  10:20  SCV  
Show
View Real Time Build Order
Export as new Build Order

Dekuschrub Terran 

Build Orders:  

Get SALT Encoding   

  12  0:00  SCV  
  13  0:12  SCV  
  14  0:19  Supply Depot  
  14  0:24  SCV  
  15  0:40  SCV  
  15  0:41  Barracks  
  16  0:45  Refinery  
  16  0:52  SCV  
  17  1:05  SCV  
  18  1:17  SCV  
  19  1:29  SCV  
  19  1:30  Reaper  
  21  1:33  Supply Depot  
  21  1:41  Orbital Command  
  21  1:56  Barracks x2  
  21  2:03  Barracks Tech Lab  
  21  2:07  SCV  
  21  2:26  Marauder  
  21  2:28  SCV  
  24  2:30  Supply Depot  
  24  2:34  Stimpack  
  24  2:45  Marine x2  
  24  2:48  Marauder  
  24  2:49  SCV  
  29  2:53  Refinery  
  29  3:01  SCV  
  30  3:09  Barracks Reactor  
  30  3:12  Barracks Reactor  
  30  3:21  Command Center  
  30  3:23  Marauder  
  30  3:25  SCV  
  33  3:37  Supply Depot, SCV  
  34  3:47  Marine x2, Marauder  
  34  3:48  Marine  
  39  3:58  Marine, SCV  
  39  3:59  Supply Depot  
  41  4:12  SCV  
  41  4:15  Marine, Marauder  
  41  4:16  Marine x2  
  47  4:21  Marine  
  48  4:33  Marine x3  
  48  4:37  Marauder  
  52  4:38  Marine  
  53  4:48  Orbital Command  
  53  4:50  SCV  
  53  4:51  Factory  
  54  4:55  Marine x2  
  54  4:58  Concussive Shells  
  51  5:19  SCV  
  50  5:33  Marine x4  
  54  5:38  SCV  
  54  5:40  Factory Reactor  
  54  5:41  Marine, Engineering Bay  
  53  5:43  Starport  
  51  5:50  Marine  
  51  5:51  Marine  
  50  5:59  Combat Shield  
  50  6:00  Marine x2  
  50  6:01  Marauder  
  48  6:07  SCV  
  48  6:08  Marine x2, SCV  
  48  6:11  Terran Infantry Weapons Level 1  
  48  6:19  SCV  
  48  6:20  SCV  
  47  6:32  SCV x2  
  36  6:44  SCV x2  
  38  6:47  Medivac  
  38  6:50  Medivac  
  42  6:56  SCV x2  
  44  7:03  Marine  
  44  7:04  Marine x2, Marauder  
  44  7:08  SCV x2  
  51  7:17  Factory Tech Lab  
  51  7:20  Marine  
  51  7:21  Marine x2, SCV  
  51  7:22  SCV  
  56  7:24  Medivac  
  58  7:32  Marauder  
  60  7:39  Supply Depot  
  60  7:40  Supply Depot  
  60  7:42  Marine x3, Siege Tank  
  66  7:55  SCV x2  
  66  7:57  Marauder  
  70  8:00  Marine x4  
  70  8:02  Medivac  
  76  8:18  Marine x2  
  70  8:28  Marine x3  
  73  8:36  Marine  
  73  8:39  SCV x2, Siege Tank  
  73  8:40  Medivac x2  
  73  8:41  Marine  
  84  8:46  Marine x2  
  86  9:13  Factory, Marine  
  86  9:15  Barracks  
  86  9:16  Barracks x2  
  86  9:18  Marine  
  86  9:19  Medivac  
  86  9:21  Medivac  
  86  9:22  Siege Tank  
  83  9:33  Marine x3  
  83  9:34  Marine  
  82  9:38  Supply Depot  
  82  9:39  Supply Depot x2  
  77  9:46  Command Center  
  77  9:49  Medivac  
  77  9:51  Medivac  
  81  9:52  Marine  
  81  9:53  Marine x4  
  81  9:57  Armory  
  81  9:58  Engineering Bay  
  79  10:11  Marine x2  
  79  10:12  Marine x6  
  63  10:26  Factory Tech Lab  
Show
View Real Time Build Order
Export as new Build Order

CountTutu Protoss 

Build Orders:  

Get SALT Encoding   

  12  0:01  Probe  
  13  0:13  Probe  
  14  0:19  Pylon  
  14  0:25  Probe  
  15  0:35  Probe  
  15  0:37  Gateway  
  16  0:43  Probe  
  17  0:50  Assimilator  
  17  0:54  Probe  
  18  0:58  Assimilator  
  18  1:06  Probe  
  18  1:10  Pylon  
  19  1:18  Probe  
  20  1:25  Cybernetics Core  
  20  1:30  Probe  
  21  1:38  Gateway  
  21  1:50  Probe  
  22  1:56  Stalker  
  22  2:02  Robotics Facility  
  24  2:13  Shield Battery  
  24  2:19  Pylon  
  24  2:29  Stalker  
  26  2:36  Shield Battery  
  26  2:40  Immortal  
  30  2:55  Probe  
  31  3:10  Stalker  
  31  3:11  Warp Gate  
  31  3:12  Immortal  
  35  3:45  Probe  
  36  3:53  Warp Prism  
  38  3:59  Forge  
  38  4:26  Pylon  
  38  4:30  Probe  
  39  4:33  Photon Cannon  
  39  4:44  Stalker  
  41  4:51  Immortal  
  45  4:58  Photon Cannon  
  45  5:32  Nexus  
  45  5:37  Stalker  
  40  6:13  Stalker  
  42  6:23  Observer  
  37  6:37  Probe  
  37  6:38  Immortal  
  24  6:45  Probe  
  25  6:49  Probe  
  30  6:57  Stalker, Probe  
  33  7:05  Probe x2  
  34  7:11  Pylon  
  35  7:18  Gateway  
  35  7:26  Probe  
  35  7:29  Stalker  
  38  7:33  Probe  
  38  7:41  Stalker  
  40  7:53  Stalker  
  41  8:13  Stalker  
Tags
 
Add a new tag
Caveats
  • Supply blocks, unpowered buildings, or Contaminate may cause inaccurate times.
  • Supply counts are checked every 10 seconds.